[Event "Metz op 31th"]
[Site "Metz"]
[Date "2013.04.21"]
[Round "2"]
[White "Aguettaz, Maxime"]
[Black "Maiorov, Nikita"]
[Result "0-1"]
[ECO "E17"]
[WhiteElo "2412"]
[BlackElo "2535"]
[Annotator "Metz Alekhine/Primel,D"]
[PlyCount "39"]
[EventDate "2013.04.20"]
[EventType "swiss"]
[EventRounds "9"]
[EventCountry "FRA"]
[SourceTitle "EXT 2016"]
[Source "ChessBase"]
[SourceDate "2015.10.08"]
[SourceVersion "1"]
[SourceVersionDate "2015.10.08"]
[SourceQuality "1"]
[TimeControl "40/5400:1800+30"]
[WhiteClock "1:30:00"]
[BlackClock "1:30:00"]

1. Nf3 Nf6 2. c4 b6 3. g3 Bb7 4. Bg2 e6 5. O-O Be7 6. Nc3 O-O 7. Re1 (7. d4 c5
8. d5 exd5 9. Nh4 Na6) 7... d5 (7... c5) 8. cxd5 exd5 (8... Nxd5 {Le GMI
m'avait joué l'alternative à l'open Rohde 2004} 9. e4 (9. d4) 9... Nxc3 10.
bxc3 c5 11. d4 cxd4 12. cxd4 Nc6 13. Bb2 Bf6 14. Rc1 (14. Rb1 $142 Na5 15. Bc3
Nc4 16. Qd3 (16. Qa4) 16... Rc8 17. e5 Bxf3 18. Qxf3 Be7 19. Rbd1) 14... Rc8
$11 {Primel,D (2127)-Maiorov,N (2454) Rohde op 04th 2004 (1) 0-1}) 9. d4 {
Transpose sur une Ouest-Indienne} Na6 10. Bf4 c6 {[%cal Ga6c7,Gc7e6] Une ligne
secondaire solide mais un peu passive} (10... c5 {La grande ligne} 11. Rc1 (11.
Ne5 cxd4 12. Nb5 Nc5 13. Nxd4) 11... Ne4 12. dxc5 Naxc5 13. Be5 (
13. Nd4) 13... Re8 14. Nb5 (14. a3 Bf8 15. Bd4 {Kuzubov,Y (2626)-Maiorov,N 
(2524) Pfalz op 2nd 2009 (4) 1/2}) 14... Bf8 15. b4 Ne6 16. Qb3 f6 17. Bf4 Nxf4
{Tihonov,J (2460)-Maiorov,N (2524) BLR-ch Minsk 2009 (2) 1/2}) 11. Rc1 (11. Ne5
) 11... Nc7 {90 Les Noirs ont joué à tempo l'ouverture} 12. Ne5 $146 (12.
Bxc7 Qxc7 13. Ne5 c5 $11 {Sandipan,C (2640)-Berkes,F (2706) Bundesliga 1112
2011 (2.2) 1-0}) (12. Bh3 $5 Ne6 13. Be5) 12... Ne6 {89} 13.
Be3 c5 $11 {72} (13... Re8) 14. dxc5 bxc5 15. Na4 Rc8 {60} 16. b3 {Un millieu
de jeu intéressant avec la lutte à distance des pièces Blanches contre les
P pendants} Ba8 17. Nd3 {[%cal Gd3c5,Ga4c5] Forçant les Noirs à avancer les
P pendants pour les affaiblir mais la diagonale du Ba8 s'ouvre et les Noirs
doivent avoir assez de contre-jeu} d4 18. Bxa8 (18. Bd2 Bxg2 19. Kxg2 Qd5+ 20.
Kg1 Rfe8 (20... Ng5 $132 )) 18... dxe3 19. Bg2 exf2+ 20. Nxf2 {
suite illisible et gain Noir au 25ème coup} 0-1

[Event "Sautron op 14th"]
[Site "Sautron"]
[Date "2014.10.25"]
[Round "7"]
[White "Dumitrache, Dragos Nicolae"]
[Black "Maiorov, Nikita"]
[Result "0-1"]
[ECO "E17"]
[WhiteElo "2413"]
[BlackElo "2583"]
[Annotator "RR"]
[PlyCount "78"]
[EventDate "2014.10.26"]
[EventType "swiss"]
[EventRounds "9"]
[EventCountry "FRA"]
[SourceTitle "EXT 2015"]
[Source "ChessBase"]
[SourceDate "2014.11.20"]
[SourceVersion "1"]
[SourceVersionDate "2014.11.20"]
[SourceQuality "1"]
[TimeControl "40/5400+30:1800+30"]
[WhiteClock "0:34:29"]
[BlackClock "0:07:37"]

1. d4 Nf6 2. c4 e6 3. Nf3 b6 4. g3 Bb7 5. Bg2 Be7 6. O-O O-O 7. Re1 (7. Nc3 {La grande ligne}
Ne4) 7... d5 8. cxd5 exd5 9.
Nc3 Na6 (9... c5 10. Bf4) 10. a3 {[%emt 0:05:
43] Trop lent} (10. Bf4 $142 c5 11. Rc1 Rc8 12. Nb5 Qe8 13. a4 Ne4 14. Nxa7 Ra8
15. Nb5 c4 16. Nd2 f5 17. b3 g5 18. Nxe4 fxe4 19. Be3 Bb4 20. bxc4 Bxe1 21.
Qxe1 Qg6 22. Qd2 Rac8 23. c5 Bc6 24. Bxg5 bxc5 25. dxc5 Bxb5 26. axb5 Nb4 27.
Be3 d4 28. Qxd4 Na2 29. Qc4+ Qf7 30. Rc2 Qxc4 31. Rxc4 Rfd8 32. Bxe4 {1-0 (32)
Gelfand,B (2759)-Kosteniuk,A (2541) Sochi 2014}) (10. Ne5 $142 c5 11. Bf4)
10... Ne4 $5 $146 {[%emt 0:10:12] Une amélioration proposée par Tisdall} (
10... c5 11. Bf4 Nc7 12. Bxc7 Qxc7 13. Rc1 Qd7 14. Ne5 Qe6 15. Nd3 c4 16. Ne5
Rab8 17. e4 dxe4 18. Nxe4 Bxe4 19. Bxe4 Nxe4 20. Rxe4 Qd5 21. Qe2 f5 22. Re3 b5
23. Nc6 Qxc6 24. Rxe7 Rbe8 25. Re1 Rxe7 26. Qxe7 a6 27. Re5 f4 28. d5 Qg6 29.
Qe6+ Qxe6 30. dxe6 fxg3 31. hxg3 Re8 32. f4 Kf8 33. f5 Ke7 34. Rc5 Kf6 35. Kf2
g6 36. fxg6 hxg6 37. a4 Rb8 38. axb5 Rxb5 39. Rc6 Rxb2+ 40. Kf3 {Ibragimov,I 
(2578)-Pushkov,N (2561) Elista 2001 1/2-1/2}) 11. Ne5 c5 12. Be3 (12. Bf4 {Plus actif} cxd4 13. Nb5 Re8
14. Nxd4 ) 12... Re8 13. Rc1 Bf8 14. Nd3 Nxc3 15. bxc3 $6 (15. Rxc3 $142 cxd4 16. Bxd4 $14 ) 15... cxd4 16. cxd4 Bxa3 17. Rc3 Bb4 (17... Bf8 {Les
compensations des Blancs pour le P ne sont pas évidentes et la majorité du
GMI est dangereuse}) 18. Nxb4 Nxb4 19. Qb3 a5 $1 20. Bc1 (20. Rec1 Ba6)
20... Ba6 21. e4 {[%emt 0:06:47] Les Blancs sentent que le
sacrifice du P"a3" était douteux et ils tentent de prendre l'initiative avant
que les Noirs n'aient le temps de mobiliser la majorité de l'aile-dame} dxe4 22. Rxe4 Qd7 23. Ba3 Bb7 $17 24. Rxe8+ Rxe8 25. Re3 Bxg2 26. Kxg2 Rxe3 27. fxe3 Qe6 $19 28. Qxe6 fxe6 29. Kf3 Nc2 30. Bc1 b5 (30... Kf7) 31. Ke2 b4 32. Kd3 b3 33. Kc3 a4 34. e4 Kf7 35. g4 Ke7 36. h4 Kd6 37. h5 Kc6 38. Kc4 Ne3+ 39. Kc3 Nd1+ 0-1

[Event "Match/Team URS-World 20,5-19,5"]
[Site "Belgrade"]
[Date "1970.03.31"]
[Round "2.7"]
[White "Uhlmann, Wolfgang"]
[Black "Taimanov, Mark E"]
[Result "0-1"]
[ECO "E17"]
[WhiteElo "2570"]
[BlackElo "2600"]
[Annotator "Uhlmann/Taimanov"]
[PlyCount "80"]
[EventDate "1970.03.29"]
[EventType "team"]
[EventRounds "4"]
[EventCountry "YUG"]
[SourceTitle "MCL"]
[Source "ChessBase"]
[SourceDate "1999.07.01"]
[SourceVersion "1"]
[SourceVersionDate "1999.07.01"]
[SourceQuality "1"]
[WhiteTeam "World"]
[BlackTeam "Soviet Union"]
[BlackTeamCountry "URS"]
[TimeControl "40/9000:16/5400:0"]

1. d4 Nf6 2. c4 e6 3. Nf3 b6 4. g3 Bb7 5. Bg2 Be7 6. O-O O-O 7. d5 $5 {
Uhlmann=:U} exd5 8. Nd4 Nc6 9. cxd5 Nxd4 10. Qxd4 c5 11. Qd3 (11. dxc6 dxc6 {
Taimanov=:T}) 11... d6 12. Nc3 (12. a4 a6 13. Nc3 b5 14. axb5 axb5 15. Rxa8
Qxa8 {T}) 12... a6 13. Bf4 (13. a4 $142 {U}) 13... b5 14. a4 b4 15. Nd1 (15.
Nb1 a5 16. Nd2 Ba6 17. Nc4 Nd7 18. Qc2 Bxc4 19. Qxc4 Nb6 20. Qb5 Bf6 {T}) 15...
a5 16. b3 Ba6 17. Qc2 Nd7 18. Be4 g6 19. Bd3 $17 {U} Nb6 20. Bh6 (20. Ne3 g5 {T
}) (20. e4 Bf6 21. Rc1 Bxd3 22. Qxd3 c4 $1 {T}) 20... Re8 21. Ne3 Bf6 22. Rad1
Qc8 $1 {T} 23. Kg2 Bxd3 24. Rxd3 (24. Qxd3 Qa6 {U}) 24... Ra7 {P 25... ae7 T}
25. Nc4 Nxc4 26. Qxc4 Rae7 27. Rf3 Re4 28. Qb5 Qd8 $1 {U/T} 29. Be3 $2 {T} (29.
Re3 $142 {U} g5 {T}) 29... Bd4 $1 {T} 30. Bxd4 Rxd4 31. Rd3 (31. e3 Rxd5 (31...
Rd2) 32. Rxf7 $1 Kxf7 33. Qc4 {T}) 31... Rde4 32. e3 h5 33. h4 Kg7 $2 {T ?! U}
(33... g5 $142 {U/T} 34. hxg5 h4 {U}) 34. Rc1 $2 {U/T} (34. Re1 g5 35. f3 {U/T}
) 34... g5 35. hxg5 h4 36. Rc4 (36. gxh4 Rxh4 37. f4 Qc8 $19 {U}) 36... Qxg5
37. Rxe4 Rxe4 38. Qd7 Qg6 {U/T} 39. Rd1 hxg3 40. Rg1 Rh4 $1 {T} 0-1